 Dungeon Crawl Stone Soup version 0.29.0-4-gdea44cf6ec (webtiles) character file.

Game seed: 12739201988955497113

795 qw the Cleaver (level 7, -2/41 HPs)
             Began as a Tengu Warper on Aug 28, 2022.
             Slain by a gnoll bouda
             ... wielding a +0 whip
              (9 damage)
             ... on level 5 of the Dungeon.
             The game lasted 00:00:26 (4149 turns).

qw the Cleaver (Tengu Warper)                       Turns: 4149, Time: 00:00:27

Health: -2/41      AC: 11    Str: 14    XL:     7   Next: 89%
Magic:  11/11      EV:  5    Int: 13    God:
Gold:   281        SH:  0    Dex: 13    Spells: 10/10 levels left

rFire   . . .      SeeInvis .   Y - +2 hand axe
rCold   . . .      Faith    .   (no shield)
rNeg    . . .      Spirit   .   j - +0 plate armour
rPois   .          Reflect  .   (helmet restricted)
rElec   .          Harm     .   (no cloak)
rCorr   .          Rampage  .   (no gloves)
Will    .....                   (boots unavailable)
Stlth   ..........              h - amulet of regeneration
HPRegen 0.93/turn               b - +4 ring of slaying {mikee}
MPRegen 0.12/turn               (no ring)

@: weakened, flying quickly and evasively, quick
A: beak, talons 3, nimble flight
a: no special abilities


You were on level 5 of the Dungeon.
You visited 1 branch of the dungeon, and saw 5 of its levels.

You collected 294 gold pieces.
You spent 13 gold pieces at shops.


Innate Abilities, Weirdness & Mutations

You have a beak for a mouth.
You have claws for feet.
Your magical nature lets you fly swiftly and evasively.


   Skills:
 - Level 3.5 Fighting
 + Level 8.3 Axes
 - Level 1.0 Throwing
 - Level 3.5 Armour
 - Level 2.1 Dodging
 - Level 2.0 Spellcasting
 - Level 2.4 Translocations


You had 10 spell levels left.
You didn't know any spells.
Your spell library contained the following spells:

 Spells                   Type           Power      Damage    Failure   Level
 Blink                    Tloc           14%        N/A       100%        2
 Gell's Gravitas          Tloc           7%         N/A       100%        3
 Lesser Beckoning         Tloc           7%         N/A       100%        3
 Teleport Other           Tloc           7%         N/A       100%        3
 Manifold Assault         Tloc           7%         N/A       100%        5

Inventory:

Hand Weapons
 k - a +0 flail
 Y - a +2 hand axe (weapon)
Missiles
 a - 6 boomerangs (quivered)
Armour
 f - a +1 plate armour of fire resistance
 j - a +0 plate armour (worn)
Jewellery
 b - a +4 ring of slaying (left hand) {mikee}
 h - an amulet of regeneration (around neck)
Scrolls
 i - 3 scrolls of identify
Potions
 c - a potion of might
 d - a potion of heal wounds {unknown}
 e - 4 potions of curing

Dungeon Overview and Level Annotations

Branches:
Dungeon (5/15)
 Temple: D:4-7

Altars:
Zin

Shops:
D:1 ?*[


Message History

The gnoll hits you from afar with a +0 halberd.
The gnoll bouda barks out a call to the hunt!
The gnolls pick up the pace!
The gnoll hits you from afar with a +0 spear.
You barely miss the gnoll.
The gnoll is almost dead.
You hit the gnoll bouda. The gnoll hits you but does no damage.
The gnoll hits you from afar with a +0 halberd.
The gnoll hits you but does no damage.
You hit the gnoll.
You kill the gnoll!
You hit the gnoll bouda.
Your attacks no longer feel as feeble.
The gnoll hits you from afar with a +0 halberd!
The gnoll barely misses you.
The gnoll bouda gazes fiercely through you!
You feel your attacks grow feeble.
The gnoll bouda hits you with a +0 whip.
You barely miss the gnoll bouda. Your peck misses the gnoll bouda.
The gnoll bouda is almost dead.
You hit the black bear. The gnoll closely misses you.
The black bear bites you but does no damage.
The black bear claws you but does no damage. x2
The gnoll bouda prays to its god.
The gnoll bouda is healed somewhat.
The gnoll hits you but does no damage.
You hit the gnoll bouda but do no damage.
You peck the gnoll bouda, but do no damage.
The gnoll bouda is severely wounded.
You hit the black bear. You barely miss the gnoll bouda.
Your kick misses the gnoll bouda.
The gnoll bouda is severely wounded.
You barely miss the black bear.
The black bear bites you but does no damage.
The black bear claws you but does no damage. x2
The gnoll hits you but does no damage.
The gnoll hits you from afar with a +0 spear.
The gnoll bouda hits you with a +0 whip!
You die...

...#.#.#.#...............
........................
...............#~~.~~#..
................# #..
................# #..
..........$.....# #..
................# #..
...............# #..
......h@g......# #..
................. ....
.....g.g......... ....
................. ....
................ ...
............... ..
............... .
.............<.


You could see a black bear, a gnoll bouda and 2 gnolls.

Vanquished Creatures
  A water moccasin (D:5)
  A black bear (D:5)
  An ogre (D:5)
  A phantom (D:5)
  A scorpion (D:5)
  A howler monkey (D:4)
  A hound (D:4)
  Natasha (thrice) (D:3)
  8 gnolls
  7 adders
  A shadow imp (D:5)
  An ufetubus (D:5)
  2 worms
  2 dart slugs
  3 orcs (D:5)
  6 bats
  10 endoplasms
  3 giant cockroaches
  8 goblins
  6 hobgoblins
  6 jackals
  5 kobolds
  A quokka (D:5)
  8 ball pythons
  2 frilled lizards
  4 rats
93 creatures vanquished.

Notes
Turn   | Place    | Note
-------+----------+-------------------------------------------
     0 | D:1      | qw the Tengu Warper began the quest for the Orb.
     0 | D:1      | Reached XP level 1. HP: 12/12 MP: 4/4
     0 | D:1      | 0 ||| qw: Version: 0.1-a-89-g26bdef1
     0 | D:1      | 0 ||| qw: Game counter: 2728
     0 | D:1      | 0 ||| qw: Always use a shield: true
     0 | D:1      | 0 ||| qw: God list: Okawaru
     0 | D:1      | 0 ||| qw: Allow faded altars: false
     0 | D:1      | 0 ||| qw: Do Orc after D:15 true
     0 | D:1      | 0 ||| qw: Do second Lair branch before Depths: true
     0 | D:1      | 0 ||| qw: Lair rune preference: random
     0 | D:1      | 0 ||| qw: Plans: Normal
     0 | D:1      | 0 ||| PLANNING D:1-11
    29 | D:1      | Found Mow Imem's Magic Scroll Boutique.
    40 | D:1      | 40 ||| SHOPLISTING scroll of identify (22 gold, have 10).
    40 | D:1      | 40 ||| SHOPLISTING scroll of teleportation (33 gold, have
                  | 10).
    82 | D:1      | Found Keumm's General Store.
   112 | D:1      | 112 ||| BUYING +0 club (13 gold).
   112 | D:1      | Bought a +0 club for 13 gold pieces
   112 | D:1      | 112 ||| SHOPLISTING scroll of identify (26 gold, have 10).
   228 | D:1      | Found Patzus's Armour Shoppe.
   233 | D:1      | 233 ||| SHOPLISTING +0 plate armour of the Cockatrice
                  | {Rampage} (330 gold, have 43).
   233 | D:1      | 233 ||| SHOPLISTING +0 scale mail (44 gold, have 43).
   233 | D:1      | 233 ||| SHOPLISTING +0 swamp dragon scales (550 gold, have
                  | 43).
   233 | D:1      | 233 ||| SHOPLISTING +3 scale mail of cold resistance (286
                  | gold, have 43).
   329 | D:1      | Reached XP level 2. HP: 17/17 MP: 6/6
   333 | D:1      | Reached skill level 3 in Axes
   335 | D:1      | 335 ||| Stepping ~*~*~tactically~*~*~ (hiding).
   464 | D:1      | 464 ||| UPGRADING to +0 ring mail.
   474 | D:1      | 474 ||| DROPPING +0 leather armour.
   475 | D:1      | 475 ||| DROPPING amulet of faith.
   476 | D:1      | 476 ||| READING scroll labelled DYEQIE URUE.
   477 | D:1      | 477 ||| READING scroll labelled ANTINU ICVY.
   478 | D:1      | 478 ||| READING scroll labelled QUGORA LUCHE.
   483 | D:1      | 483 ||| READING scroll labelled WALELY ORIR.
   484 | D:1      | 484 ||| READING scroll labelled GAQULIO CAYT.
   485 | D:1      | 485 ||| DRINKING 2 ruby potions.
   486 | D:1      | 486 ||| DROPPING scroll of blinking.
   681 | D:2      | 681 ||| Stepping ~*~*~tactically~*~*~ (stealth).
   740 | D:2      | 740 ||| DROPPING +0 club.
   746 | D:2      | 746 ||| Stepping ~*~*~tactically~*~*~ (stealth).
   761 | D:2      | Reached XP level 3. HP: 15/21 MP: 7/7
   764 | D:2      | HP: 4/21 [frozen (4)]
   767 | D:2      | 767 ||| FLEEEEING.
   768 | D:2      | 768 ||| FLEEEEING.
   769 | D:2      | 769 ||| FLEEEEING.
   770 | D:2      | 770 ||| FLEEEEING.
   774 | D:2      | 774 ||| FLEEEEING.
   775 | D:2      | 775 ||| FLEEEEING.
   777 | D:2      | 777 ||| FLEEEEING.
   778 | D:2      | 778 ||| FLEEEEING.
   779 | D:2      | 779 ||| FLEEEEING.
   780 | D:2      | 780 ||| FLEEEEING.
   781 | D:2      | 781 ||| FLEEEEING.
   782 | D:2      | 782 ||| FLEEEEING.
   789 | D:2      | 789 ||| FLEEEEING.
   790 | D:2      | 790 ||| FLEEEEING.
   791 | D:2      | 791 ||| STAIRDANCE
  1003 | D:1      | 1003 ||| UPGRADING to +4 ring of slaying {mikee}.
  1004 | D:1      | 1004 ||| READING scroll labelled MINARCH UGAU.
  1005 | D:1      | 1005 ||| DRINKING 2 smoky red potions.
  1035 | D:2      | Reached skill level 4 in Axes
  1086 | D:2      | Found a glowing silver altar of Zin.
  1129 | D:2      | Reached XP level 4. HP: 25/26 MP: 8/8
  1376 | D:2      | Found a faded altar of an unknown god.
  1377 | D:2      | 1377 ||| Stepping ~*~*~tactically~*~*~ (hiding).
  1747 | D:3      | Noticed Natasha
  1748 | D:3      | 1748 ||| Stepping ~*~*~tactically~*~*~ (hiding).
  1757 | D:3      | Killed Natasha
  1758 | D:3      | Reached skill level 5 in Axes
  1759 | D:3      | Noticed Natasha
  1760 | D:3      | 1760 ||| Stepping ~*~*~tactically~*~*~ (hiding).
  1762 | D:3      | 1762 ||| Stepping ~*~*~tactically~*~*~ (hiding).
  1768 | D:3      | Killed Natasha
  1769 | D:3      | Gained mutation: Your magical nature lets you fly swiftly
                  | and evasively. [Tengu growth]
  1769 | D:3      | Reached XP level 5. HP: 9/30 MP: 9/9
  2166 | D:3      | Noticed Natasha
  2167 | D:3      | 2167 ||| Stepping ~*~*~tactically~*~*~ (stealth).
  2172 | D:3      | Killed Natasha
  2173 | D:3      | Reached skill level 6 in Axes
  2359 | D:3      | 2359 ||| READING scroll labelled HOCZUT ODEHI.
  2360 | D:3      | 2360 ||| READING scroll labelled RITECU REOKUU.
  2361 | D:3      | 2361 ||| READING 3 scrolls of identify.
  2361 | D:3      | 2361 ||| IDENTIFYING fuming inky potion
  2362 | D:3      | 2362 ||| READING 2 scrolls of identify.
  2362 | D:3      | 2362 ||| IDENTIFYING sapphire potion
  2363 | D:3      | 2363 ||| DROPPING potion of brilliance.
  2364 | D:3      | 2364 ||| DROPPING potion of invisibility.
  2867 | D:4      | 2867 ||| Stepping ~*~*~tactically~*~*~ (stealth).
  2921 | D:4      | Reached XP level 6. HP: 32/35 MP: 10/10
  3309 | D:4      | 3309 ||| Stepping ~*~*~tactically~*~*~ (hiding).
  3318 | D:4      | Reached skill level 7 in Axes
  3394 | D:4      | 3394 ||| DROPPING +0 whip.
  3407 | D:4      | 3407 ||| UPGRADING to +0 plate armour.
  3417 | D:4      | 3417 ||| DROPPING +0 ring mail.
  3418 | D:4      | 3418 ||| UPGRADING to amulet of regeneration.
  3423 | D:4      | 3423 ||| DRINKING 2 metallic golden potions.
  3424 | D:4      | 3424 ||| DROPPING potion of attraction.
  3470 | D:5      | Entered Level 5 of the Dungeon
  3474 | D:5      | 3474 ||| STAIRDANCE
  3500 | D:5      | Noticed a water moccasin
  3510 | D:5      | Killed a water moccasin
  3511 | D:5      | Reached skill level 3 in Armour
  3602 | D:5      | 3602 ||| Stepping ~*~*~tactically~*~*~ (hiding).
  3609 | D:5      | Reached XP level 7. HP: 40/40 MP: 11/11
  3719 | D:5      | 3719 ||| READING scroll of enchant weapon.
  3719 | D:5      | 3719 ||| ENCHANTING +1 hand axe.
  3895 | D:5      | Reached skill level 3 in Fighting
  4082 | D:5      | Reached skill level 8 in Axes
  4146 | D:5      | HP: 10/41 [gnoll/+0 halberd[a gnoll bouda] (8)]
  4149 | D:5      | Slain by a gnoll bouda

Levels and vault maps discovered:
D:1:      onia_arrival_pentagram, layout_rooms, serial_shops,
          nicolae_shop_hallway_plus, nicolae_shop_competitors_out_of_business,
          shop
D:2:      layout_loops_cross, basic_altar,
          shapermc_ecumenical_altar_mp_highgroup
D:3:      layout_basic, minivault_5, minivault_23, uniq_natasha
D:4:      layout_basic
D:5:      layout_layer_cave, kennysheep_okawaru_gauntlet, st_stairs_8,
          minivault_24

Skill      XL: |  1  2  3  4  5  6  7 |
---------------+----------------------+-----
Axes           | 3 4 5 6 7 8 |  8.3
Armour         | 3 |  3.5
Fighting       | 3 |  3.5
Throwing       | |  1.0
Dodging        | |  2.1
Spellcasting   | |  2.0
Translocations | |  2.4

Action                   |  1- 3 |  4- 6 |  7- 9 || total
-------------------------+-------+-------+-------++-------
Melee: Hand axe          |    58 |    75 |    30 ||   163
       Kick              |    11 |    13 |     9 ||    33
       Peck              |     2 |    11 |     6 ||    19
Throw: Boomerang         |     7 |    47 |    20 ||    74
  Use: Scroll            |     6 |     4 |     1 ||    11
       Potion            |     2 |     1 |       ||     3
Armor: Leather armour    |     7 |       |       ||     7
       Ring mail         |    16 |    14 |       ||    30
       Plate armour      |       |     6 |    25 ||    31
Dodge: Dodged            |    40 |    39 |     5 ||    84

Table legend:
 A = Non-vault XP
 B = Vault XP
 C = Vault XP percentage of total XP
 D = Non-vault monster count
 E = Vault monster count
 F = Vault count percentage of total count
                 A         B        C        D         E       F
            +---------+---------+-------+---------+---------+-------
      Total |    1088 |      49 |   4.3 |      91 |       2 |   2.2
            +---------+---------+-------+---------+---------+-------
        D:1 |      18 |       0 |   0.0 |       9 |       0 |   0.0
        D:2 |      79 |       0 |   0.0 |      31 |       0 |   0.0
        D:3 |     105 |      35 |  25.0 |      17 |       1 |   5.6
        D:4 |     208 |       0 |   0.0 |      18 |       0 |   0.0
        D:5 |     678 |      14 |   2.0 |      16 |       1 |   5.9
            +---------+---------+-------+---------+---------+-------
